 Dungeon Crawl Stone Soup version 0.26.1-15-g04117e645d (webtiles) character file.

Game seed: 10027120123437300791

4 sneakypete the Chiller (level 1, -5/13 HPs)
             Began as a Gnoll Wanderer on Jan 6, 2023.
             Slain by an orc
             ... wielding a cursed +0 trident
              (10 damage)
             ... on level 2 of the Dungeon.
             The game lasted 00:03:30 (111 turns).

sneakypete the Chiller (Gnoll Wanderer)              Turns: 111, Time: 00:03:31

Health: -5/13      AC:  2    Str: 15    XL:     1   Next: 60%
Magic:  4/4        EV: 11    Int: 15    God:
Gold:   0          SH:  0    Dex: 12    Spells: 5/5 levels left

rFire    . . .     SeeInvis .   a - +0 club
rCold    . . .     Faith    .   (no shield)
rNeg     . . .     Spirit   .   d - +0 robe
rPois    .         Reflect  .   (no helmet)
rElec    .         Harm     .   (no cloak)
rCorr    .         Rampage  .   (no gloves)
Will     .....                  (no boots)
Stlth    ++........             (no amulet)
HPRegen  0.04/turn              (no ring)
MPRegen  0.09/turn              (no ring)

@: no status effects
A: distributed training, fangs 1, strong nose
a: no special abilities


You were on level 2 of the Dungeon.
You visited 1 branch of the dungeon, and saw 2 of its levels.

Inventory:

Hand Weapons
 a - a +0 club (weapon)
 b - a +0 hunting sling
 f - a cursed -1 club
 g - a +3 mace
 i - a cursed -1 club
Missiles
 e - 26 stones (quivered)
Armour
 d - a +0 robe (worn)
Potions
 c - a potion of curing {unknown}
 h - a potion of attraction {unknown}


   Skills:
 + Level 0.1 Fighting
 + Level 0.1 Short Blades
 + Level 0.1 Long Blades
 + Level 0.1 Axes
 + Level 0.1 Maces & Flails
 + Level 0.1 Polearms
 + Level 0.1 Staves
 + Level 0.1 Slings
 + Level 0.1 Bows
 + Level 0.1 Crossbows
 + Level 0.1 Throwing
 + Level 0.1 Armour
 + Level 0.1 Dodging
 + Level 2.2 Stealth
 + Level 2.4 Shields
 + Level 0.1 Unarmed Combat
 + Level 2.6 Spellcasting
 + Level 2.0 Conjurations
 + Level 2.0 Hexes
 + Level 0.1 Summonings
 + Level 0.1 Necromancy
 + Level 0.1 Translocations
 + Level 3.6 Transmutations
 + Level 0.1 Fire Magic
 + Level 5.3 Ice Magic
 + Level 0.1 Air Magic
 + Level 0.1 Earth Magic
 + Level 0.1 Poison Magic
 + Level 0.2 Invocations
 + Level 0.1 Evocations


You had 5 spell levels left.
You didn't know any spells.
Your spell library contained the following spells:

 Spells                   Type           Power        Failure   Level
 Freeze                   Ice            72%          2%          1
 Ensorcelled Hibernation  Hex/Ice        26%          7%          2
 Ozocubu's Armour         Ice            18%          7%          3
 Corona                   Hex            7%           10%         1
 Shock                    Conj/Air       20%          14%         1
 Confusing Touch          Hex            7%           28%         3
 Dazzling Flash           Conj/Hex       14%          28%         3
 Tukima's Dance           Hex            7%           28%         3
 Stone Arrow              Conj/Erth      10%          38%         3


Dungeon Overview and Level Annotations

Branches:
Dungeon (1/15)

Altars:


Innate Abilities, Weirdness & Mutations

Your experience applies equally to all skills.
You have very sharp teeth.
Your uncanny sense of smell can sniff out nearby items.


Message History

e - 26 stones (gained 10)
You see here a runed mace.
g - a runed mace The jackal barks!
You hit the jackal.
You kill the jackal!
The jackal bites you but does no damage.
The jackal bites you. x2
You barely miss the jackal. The jackal barely misses you.
You hit the jackal.
You kill the jackal!
Your Conjurations skill increases to level 2!
Your Hexes skill increases to level 2!
h - a bubbling coppery potion You see here a club.
i - a club 3 orcs come into view.
The orc hits you from afar with a cursed +0 trident!
Ouch! That really hurt!
You die...

#..........#
#..........#
###
#..........#
..#
#...........
#o#
#........†.#
#.#
#..........#
#o#
#....<.....#
#o#
#.###.....##
#@#####.#
#.......
#.......#
#.......
#########
#.......
#.#...#.
#.#.###.
#.#. #.
#.###.
#.....
#.....


You could see 3 orcs.

Vanquished Creatures
  A hobgoblin (D:2)
  2 jackals (D:2)
3 creatures vanquished.

Notes
Turn   | Place    | Note
-------+----------+-------------------------------------------
     0 | D:1      | sneakypete the Gnoll Wanderer began the quest for the Orb.
     0 | D:1      | sneakypete set off with the following items: a +0 club, a
                  | +0 robe; and the following spells available to memorise:
                  | Freeze, Ensorcelled Hibernation, Ozocubu's Armour, Corona,
                  | Shock, Confusing Touch, Dazzling Flash, Tukima's Dance,
                  | Stone Arrow
     0 | D:1      | Reached XP level 1. HP: 13/13 MP: 4/4
    43 | D:1      | You fall into a shaft and drop 1 floor!
   111 | D:2      | Slain by an orc

Illustrated notes

Levels and vault maps discovered:
D:1:      lemuel_arrival_muddy, layout_basic
D:2:      layout_basic, gammafunk_temple_overflow_claw

Skill      XL: |  1 |
---------------+----+-----
Conjurations   | 2 |  2.0
Hexes          | 2 |  2.0
Fighting       | |  0.1
Short Blades   | |  0.1
Long Blades    | |  0.1
Axes           | |  0.1
Maces & Flails | |  0.1
Polearms       | |  0.1
Staves         | |  0.1
Slings         | |  0.1
Bows           | |  0.1
Crossbows      | |  0.1
Throwing       | |  0.1
Armour         | |  0.1
Dodging        | |  0.1
Stealth        | |  2.2
Shields        | |  2.4
Unarmed Combat | |  0.1
Spellcasting   | |  2.6
Summonings     | |  0.1
Necromancy     | |  0.1
Translocations | |  0.1
Transmutations | |  3.6
Fire Magic     | |  0.1
Ice Magic      | |  5.3
Air Magic      | |  0.1
Earth Magic    | |  0.1
Poison Magic   | |  0.1
Invocations    | |  0.2
Evocations     | |  0.1

Action                   || total
-------------------------++-------
Melee: Club              ||     9
Armor: Robe              ||     2
Dodge: Dodged            ||     3
